AoeStats
← Ssshanto

Arabia

505523102Analyzed
1v1 RM · 24d ago on Sep 9, 2026· 29m 26s· 2 players
Game mode
Random Map
Map size
Tiny (2 player)
Population
200
Speed
Normal
Resources
Standard
Victory
Conquest
Starting age
Dark Age
Ending age
Imperial Age
RankedLock teamsTeams togetherTeam positionsShared explorationLock speedFull tech treeHidden civsTurbo modeCheats
Victory
Defeat
🇵🇪 Mapuche · Peru
1096
+16
🇧🇩 Malay · Bangladesh
1091
-26
Ssshanto
6:44 Loom
9:28 Feudal Age
10:08 Double-Bit Axe
13:42 Wheelbarrow
18:41 Horse Collar
22:26 Castle Age
21:41 Forging
21:56 Stone Mining
22:46 Bow Saw
22:36 Heavy Plow
24:53 Light Cavalry
26:03 Scale Barding Armor
28:05 Husbandry
Nagflar
7:36 Loom
10:23 Feudal Age
10:52 Double-Bit Axe
14:49 Champi Runner
18:33 Horse Collar
19:02 Gold Mining
19:34 Forging
22:29 Castle Age
21:00 Scale Mail Armor
23:24 Bow Saw
24:06 Heavy Plow
23:49 Champi Warrior
26:43 Fletching
27:31 Iron Casting
29:01 Chain Mail Armor
29:13 Arson
Connection lost

Rejoining the realm…

Still unreachable

The connection could not be restored.

Session expired

The server has moved on; the page needs a fresh start.